MLB
DETROIT TIGERS @ OAKLAND ATHLETICS
03/07/2099
 
TOP OF THE 1ST
Detroit Tigers batting - Pitching for Oakland Athletics : LHP David Saldana
Pitching: LHP David Saldana
Batting: LHB Tim Wilson 0-0: Foul Ball, location: 7LSF
0-1: Ground out 4-3 (Groundball, 34, EV 88.1 MPH)
Batting: RHB Francisco Salto 0-0: Ball
1-0: Called Strike
1-1: Foul Ball, location: 3FF
1-2: Strikes out swinging
Batting: LHB Denny Marshall 0-0: Foul Ball, location: 7LDF
0-1: Called Strike
0-2: Strikes out swinging
Top of the 1st over - 0 runs, 0 hits, 0 errors, 0 left on base; Detroit 0 - Oakland 0
BOTTOM OF THE 1ST
Oakland Athletics batting - Pitching for Detroit Tigers : RHP Chuck Watts
Pitching: RHP Chuck Watts
Batting: LHB Ryan Tipton 0-0: Ball
1-0: Foul Ball, location: 7LMF
1-1: Swinging Strike
1-2: SINGLE (Groundball, 6MD, EV 109.4 MPH)
Batting: RHB Joey George 0-0: Called Strike
0-1: Foul Ball, location: 9LDF
0-2: Ball
1-2: Foul Ball, location: 9LMF
1-2: Foul Ball, location: 2F
1-2: DOUBLE (Line Drive, 9LM, EV 105.6 MPH)
Ryan Tipton to third
Batting: LHB Pat Wilson 0-0: Called Strike
0-1: Fly out, F8 (Flyball, 8LM, EV 93.1 MPH)
Runner from 3rd tags up, SCORES, throw by CF
Batting: LHB Ivan Suarez 0-0: Called Strike
0-1: Ball
1-1: Ball
2-1: Swinging Strike
2-2: Strikes out swinging
Batting: RHB Randy Fowler 0-0: Ball
1-0: Called Strike
1-1: Swinging Strike
1-2: Ball
2-2: Strikes out swinging
Bottom of the 1st over - 1 run, 2 hits, 0 errors, 1 left on base; Detroit 0 - Oakland 1
TOP OF THE 2ND
Detroit Tigers batting - Pitching for Oakland Athletics : LHP David Saldana
Batting: LHB Jose Camacho 0-0: Called Strike
0-1: Foul Ball, location: 25F
0-2: Foul Ball, location: 23F
0-2: Ball
1-2: Ball
2-2: Foul Ball, location: 3F
2-2: Foul Ball, location: 7LDF
2-2: Ball
3-2: Base on Balls
Batting: RHB Allan Alessi 0-0: Called Strike
0-1: Foul Ball, location: 3F
0-2: Ball
1-2: Ball
2-2: DOUBLE (Flyball, 78D, EV 108.8 MPH)
Jose Camacho to third
Batting: RHB Donald Nohl 0-0: Ball
1-0: Ball
2-0: Ball
3-0: Base on Balls
Batting: RHB Edgar Navarrete 0-0: Ball
1-0: Ball
2-0: SINGLE (Line Drive, 34D, EV 60.6 MPH)
Jose Camacho scores
Allan Alessi to third
Donald Nohl to second
Runner from 3rd tries for Home, SAFE, throw by RF to home
Batting: RHB Ed Hochstetler 0-0: Called Strike
0-1: Grounds into double play, 6-4-3 (Groundball, 6, EV 88.1 MPH)
Donald Nohl to third
Batting: LHB Jason Schneider 0-0: Hit by Pitch
Batting: LHB Tim Wilson 0-0: Called Strike
0-1: Swinging Strike
0-2: Ball
1-2: Ball
2-2: Ball
3-2: Fly out, F6 (Line Drive, 6, EV 62.5 MPH)
Top of the 2nd over - 2 runs, 2 hits, 0 errors, 2 left on base; Detroit 2 - Oakland 1
BOTTOM OF THE 2ND
Oakland Athletics batting - Pitching for Detroit Tigers : RHP Chuck Watts
Batting: RHB Ben Celeste 0-0: Ball
1-0: Called Strike
1-1: Foul Ball, location: 5SF
1-2: SINGLE (Groundball, 15S, EV 68.1 MPH) (infield hit)
Batting: RHB David Reichel 0-0: Ball
1-0: Fly out, F8 (Flyball, 8RD, EV 87.5 MPH)
Batting: LHB Gene Del Vecchio 0-0: Fly out, F9 (Flyball, 9, EV 83.1 MPH)
Batting: RHB Tom Karr 0-0: Swinging Strike
0-1: Ball
1-1: SINGLE (Line Drive, 56D, EV 105.0 MPH)
Ben Celeste to second
Runner from 2nd tries for 3rd, SAFE, throw by LF made to third
Batting: LHB Ryan Tipton 0-0: Called Strike
0-1: Fly out, F9 (Line Drive, 89M, EV 93.1 MPH)
Bottom of the 2nd over - 0 runs, 2 hits, 0 errors, 2 left on base; Detroit 2 - Oakland 1
TOP OF THE 3RD
Detroit Tigers batting - Pitching for Oakland Athletics : LHP David Saldana
Batting: RHB Francisco Salto 0-0: Ball
1-0: Foul Ball, location: 5F
1-1: Ball
2-1: Fly out, F8 (Flyball, 8RXD, EV 108.1 MPH)
Batting: LHB Denny Marshall 0-0: Called Strike
0-1: Ball
1-1: Swinging Strike
1-2: Foul Ball, location: 5F
1-2: Ball
2-2: Ball
3-2: Foul Ball, location: 7LSF
3-2: Fly out, F7 (Flyball, 7, EV 95.0 MPH)
Batting: LHB Jose Camacho 0-0: Fly out, F8 (Line Drive, 78D, EV 98.8 MPH)
Top of the 3rd over - 0 runs, 0 hits, 0 errors, 0 left on base; Detroit 2 - Oakland 1
BOTTOM OF THE 3RD
Oakland Athletics batting - Pitching for Detroit Tigers : RHP Chuck Watts
Batting: RHB Joey George 0-0: Ball
1-0: Ground out 4-3 (Groundball, 4, EV 110.6 MPH)
Batting: LHB Pat Wilson 0-0: Ball
1-0: Ball
2-0: Ball
3-0: Called Strike
3-1: Foul Ball, location: 2F
3-2: Reached via error on a dropped throw from 1B, E1 (Groundball, 34, EV 77.5 MPH)
Batting: LHB Ivan Suarez 0-0: Fly out, F7 (Line Drive, 78M, EV 90.0 MPH)
Batting: RHB Randy Fowler 0-0: Ball
1-0: Called Strike
1-1: Ball
2-1: Called Strike
Pat Wilson steals 2nd base
2-2: Ball
3-2: SINGLE (Groundball, 4MD, EV 99.4 MPH)
Pat Wilson to third
Runner from 3rd tries for Home, SAFE, throw by CF to home
Batting: RHB Ben Celeste 0-0: Reached on error, E5 (Groundball, 5, EV 79.4 MPH)
Randy Fowler to second
Batting: RHB David Reichel 0-0: Ball
1-0: Ball
2-0: Called Strike
2-1: Ball
3-1: Base on Balls
Randy Fowler to third
Ben Celeste to second
Batting: LHB Gene Del Vecchio 0-0: Foul Ball, location: 5SF
0-1: SINGLE (Groundball, 6S, EV 81.3 MPH) (infield hit)
Randy Fowler scores
Ben Celeste to third
David Reichel to second
Batting: RHB Tom Karr 0-0: Swinging Strike
0-1: Foul Ball, location: 3F
0-2: Ball
1-2: Strikes out swinging
Bottom of the 3rd over - 2 runs, 2 hits, 2 errors, 3 left on base; Detroit 2 - Oakland 3
TOP OF THE 4TH
Detroit Tigers batting - Pitching for Oakland Athletics : LHP David Saldana
Batting: RHB Allan Alessi 0-0: Fly out, F9 (Flyball, 89D, EV 92.5 MPH)
Batting: RHB Donald Nohl 0-0: Ball
1-0: Called Strike
1-1: Ball
2-1: SINGLE (Groundball, 34D, EV 96.9 MPH)
Batting: RHB Edgar Navarrete 0-0: Called Strike
0-1: Ball
1-1: Ball
2-1: Called Strike
2-2: SINGLE (Line Drive, 9S, EV 88.8 MPH)
Donald Nohl to second
Batting: RHB Ed Hochstetler 0-0: Ball
1-0: Swinging Strike
1-1: Ball
2-1: Swinging Strike
2-2: Strikes out swinging
Batting: LHB Jason Schneider 0-0: Ball
1-0: Called Strike
1-1: Swinging Strike
1-2: Ball
2-2: SINGLE (Line Drive, 8LS, EV 105.0 MPH)
Donald Nohl to third
Edgar Navarrete to second
Runner from 3rd tries for Home, SAFE, throw by CF to home
Batting: LHB Tim Wilson 0-0: Called Strike
0-1: Swinging Strike
0-2: Ball
1-2: Fielders Choice at 3rd, U5 (Groundball, 5, EV 82.5 MPH)
Top of the 4th over - 1 run, 3 hits, 0 errors, 1 left on base; Detroit 3 - Oakland 3
BOTTOM OF THE 4TH
Oakland Athletics batting - Pitching for Detroit Tigers : RHP Chuck Watts
Pitching: LHP Victor Casas
Pinch Hitting: LHB Kyle O'Connor 0-0: Ball
1-0: Ball
2-0: Ball
3-0: Fly out, F8 (Flyball, 78S, EV 93.1 MPH)
Batting: RHB Joey George 0-0: Swinging Strike
0-1: Foul Ball, location: 9LDF
0-2: Ball
1-2: Ball
2-2: Foul Ball, location: 5DF
2-2: Strikes out swinging
Pinch Hitting: LHB Chris West 0-0: Ball
1-0: Called Strike
1-1: Foul Ball, location: 2F
1-2: Strikes out looking
Bottom of the 4th over - 0 runs, 0 hits, 0 errors, 0 left on base; Detroit 3 - Oakland 3
TOP OF THE 5TH
Detroit Tigers batting - Pitching for Oakland Athletics : LHP David Saldana
Pitching: RHP Bobby Rettig
Now at 1B: Chris West
Now in RF: Kyle O'Connor
Batting: RHB Francisco Salto 0-0: Ball
1-0: Foul Ball, location: 9LMF
1-1: Foul Ball, location: 9LMF
1-2: SINGLE (Line Drive, 6MD, EV 94.4 MPH)
Pitching: RHP Jimmy Burch
Batting: SHB Mike Knighten 0-0: Ball
1-0: Called Strike
Francisco Salto steals 2nd base
1-1: Foul Ball, location: 23FF
1-2: Fly out, F5 (Popup, 5L, EV 68.1 MPH)
Batting: LHB Jose Camacho 0-0: Ball
1-0: Swinging Strike
1-1: SINGLE (Flyball, 8RS, EV 92.5 MPH)
Francisco Salto to third
Runner from 3rd tries for Home, SAFE, throw by CF to home
Batting: RHB Allan Alessi 0-0: SINGLE (Groundball, 6MD, EV 104.4 MPH)
Jose Camacho to second
Batting: RHB Donald Nohl 0-0: Called Strike
0-1: Ball
1-1: Swinging Strike
1-2: Fielders Choice at 2nd, 5-4 (Groundball, 56, EV 85.0 MPH)
Jose Camacho to third
Pinch Hitting: LHB Justin Kenworthy 0-0: Swinging Strike
0-1: Called Strike
0-2: Foul Ball, location: 5FF
0-2: Ball
1-2: Fly out, F8 (Flyball, 78M, EV 87.5 MPH)
Top of the 5th over - 1 run, 3 hits, 0 errors, 2 left on base; Detroit 4 - Oakland 3
BOTTOM OF THE 5TH
Oakland Athletics batting - Pitching for Detroit Tigers : LHP Victor Casas
Pitching: RHP John Hernandez
Now at 2B: Chris Johnson
Now in LF: Justin Kenworthy
Batting: SHB John Gilley 0-0: Swinging Strike
0-1: Ball
1-1: Ball
2-1: Fly out, F5 (Popup, 5SF, EV 66.3 MPH)
Batting: RHB Randy Fowler 0-0: Called Strike
0-1: DOUBLE (Groundball, 5L, EV 99.4 MPH)
Pinch Hitting: LHB Billy Stengel 0-0: Ball
1-0: Ball
2-0: Foul Ball, location: 23F
2-1: Foul Ball, location: 23F
2-2: Strikes out swinging
Pinch Hitting: SHB Aaron Champion 0-0: Called Strike
0-1: Fly out, F7 (Line Drive, 7D, EV 94.4 MPH)
Bottom of the 5th over - 0 runs, 1 hit, 0 errors, 1 left on base; Detroit 4 - Oakland 3
TOP OF THE 6TH
Detroit Tigers batting - Pitching for Oakland Athletics : RHP Jimmy Burch
Pitching: RHP George Lynch
Now at C: Corey Springer
Now at 3B: Aaron Champion
Now at SS: Tom Karr
Now in LF: Greg Horst
Now in CF: Billy Stengel
Batting: RHB Ed Hochstetler 0-0: SINGLE (Groundball, 34D, EV 101.9 MPH)
Pinch Hitting: RHB Jake Henson 0-0: Bunted foul
0-1: Sac Bunt to 13 - play at first, batter OUT! 1-4
Ed Hochstetler to second
Batting: LHB Chris Johnson 0-0: Ball
1-0: Ball
2-0: Ground out 1-3 (Groundball, 13S, EV 76.9 MPH)
Ed Hochstetler to third
Pinch Hitting: LHB Philip Clark 0-0: Ball
1-0: Called Strike
1-1: Ball
2-1: SINGLE (Line Drive, 78M, EV 85.6 MPH)
Ed Hochstetler scores
Batting: SHB Mike Knighten 0-0: Ball
1-0: Ball
Philip Clark steals 2nd base
2-0: Called Strike
2-1: Foul Ball, location: 2F
2-2: SINGLE (Line Drive, 7S, EV 103.1 MPH)
Philip Clark to third
Runner from 3rd tries for Home, SAFE, throw by LF to home
Pinch Hitting: RHB Oscar Torres 0-0: SINGLE (Line Drive, 56, EV 96.3 MPH)
Mike Knighten to second
Pinch Hitting: LHB John Castaneda 0-0: Called Strike
0-1: Foul Ball, location: 2F
0-2: Foul Ball, location: 9LSF
0-2: Ball
1-2: Ball
2-2: Strikes out swinging
Top of the 6th over - 2 runs, 4 hits, 0 errors, 2 left on base; Detroit 6 - Oakland 3
BOTTOM OF THE 6TH
Oakland Athletics batting - Pitching for Detroit Tigers : RHP John Hernandez
Pitching: RHP John Young
Now at 1B: Oscar Torres
Now at 2B: John Castaneda
Now at 3B: Nick Penix
Now at SS: Chris Johnson
Now in CF: Jake Henson
Now in RF: Philip Clark
Batting: RHB Greg Horst 0-0: Ball
1-0: Swinging Strike
1-1: Called Strike
1-2: Ball
2-2: Strikes out swinging
Batting: RHB Tom Karr 0-0: Ball
1-0: Ball
2-0: Swinging Strike
2-1: Ground out 5-3 (Groundball, 5L, EV 85.6 MPH)
Batting: LHB Kyle O'Connor 0-0: Called Strike
0-1: Swinging Strike
0-2: Ball
1-2: Fly out, F9 (Flyball, 9LM, EV 78.8 MPH)
Bottom of the 6th over - 0 runs, 0 hits, 0 errors, 0 left on base; Detroit 6 - Oakland 3
TOP OF THE 7TH
Detroit Tigers batting - Pitching for Oakland Athletics : RHP George Lynch
Pitching: RHP Keith Rasmussen
Batting: LHB Nick Penix 0-0: Ball
1-0: Called Strike
1-1: Foul Ball, location: 5SF
1-2: Ball
2-2: Foul Ball, location: 2F
2-2: Ball
3-2: Foul Ball, location: 9LDF
3-2: Foul Ball, location: 7LSF
3-2: Strikes out looking
Batting: LHB Justin Kenworthy 0-0: Ball
1-0: Swinging Strike
1-1: Foul Ball, location: 2F
1-2: Ball
2-2: Ball
3-2: Strikes out swinging
Batting: RHB Ed Hochstetler 0-0: Foul Ball, location: 3FF
0-1: Foul Ball, location: 5F
0-2: Strikes out swinging
Top of the 7th over - 0 runs, 0 hits, 0 errors, 0 left on base; Detroit 6 - Oakland 3
BOTTOM OF THE 7TH
Oakland Athletics batting - Pitching for Detroit Tigers : RHP John Young
Pitching: LHP Kevin Swanson
Batting: RHB Corey Springer 0-0: Ball
1-0: Foul Ball, location: 2F
1-1: Ball
2-1: Ground out 6-3 (Groundball, 6M, EV 86.9 MPH)
Batting: LHB Chris West 0-0: Called Strike
0-1: DOUBLE (Groundball, 3L, EV 103.8 MPH)
Batting: SHB John Gilley 0-0: Called Strike
0-1: Ball
1-1: Swinging Strike
1-2: Strikes out swinging
Batting: RHB Randy Fowler 0-0: Foul Ball, location: 3F
0-1: Swinging Strike
0-2: Ball
1-2: Ball
2-2: Ball
3-2: Ground out 6-3 (Groundball, 6M, EV 86.9 MPH)
Bottom of the 7th over - 0 runs, 1 hit, 0 errors, 1 left on base; Detroit 6 - Oakland 3
TOP OF THE 8TH
Detroit Tigers batting - Pitching for Oakland Athletics : RHP Keith Rasmussen
Pitching: RHP Tom Stickles
Batting: RHB Jake Henson 0-0: Called Strike
0-1: Ball
1-1: Ball
2-1: Called Strike
2-2: SINGLE (Groundball, 2R, EV 74.4 MPH) (infield hit)
Batting: LHB Chris Johnson 0-0: Called Strike
0-1: Swinging Strike
0-2: Foul Ball, location: 2F
0-2: Strikes out swinging
Batting: LHB Philip Clark 0-0: Called Strike
0-1: Ball
1-1: Grounds into double play, 6-4-3 (Groundball, 6, EV 101.9 MPH)
Top of the 8th over - 0 runs, 1 hit, 0 errors, 0 left on base; Detroit 6 - Oakland 3
BOTTOM OF THE 8TH
Oakland Athletics batting - Pitching for Detroit Tigers : LHP Kevin Swanson
Pitching: RHP Raul Mendoza
Batting: LHB Billy Stengel 0-0: Reached on error, E5 (Groundball, 56S, EV 68.8 MPH)
Batting: SHB Aaron Champion 0-0: Called Strike
0-1: SINGLE (Line Drive, 56D, EV 96.3 MPH)
Billy Stengel to second
Pinch Hitting: LHB Steve Witmer 0-0: Ball
1-0: Ball
2-0: Foul Ball, location: 2F
2-1: 3-RUN HOME RUN (Flyball, 7D, EV 99.4 MPH), Distance : 412 ft
Pitching: RHP John Griffith
Batting: RHB Tom Karr 0-0: Ball
1-0: Ball
2-0: Swinging Strike
2-1: Swinging Strike
2-2: Ball
3-2: Strikes out swinging
Pinch Hitting: LHB Mike Lucas 0-0: Fly out, F4 (Popup, 4S, EV 82.5 MPH)
Batting: RHB Corey Springer 0-0: Foul Ball, location: 3F
0-1: Swinging Strike
0-2: Ball
1-2: Ball
2-2: Foul Ball, location: 9LDF
2-2: Strikes out looking
Bottom of the 8th over - 3 runs, 2 hits, 1 error, 0 left on base; Detroit 6 - Oakland 6
TOP OF THE 9TH
Detroit Tigers batting - Pitching for Oakland Athletics : RHP Tom Stickles
Pitching: RHP Ken Iddiols
Now in LF: Steve Witmer
Now in RF: Mike Lucas
Batting: RHB Steve Selmon 0-0: Called Strike
0-1: Called Strike
0-2: Ball
1-2: Ball
2-2: Ball
3-2: Strikes out swinging
Batting: RHB Oscar Torres 0-0: Fly out, F7 (Line Drive, 7S, EV 95.0 MPH)
Batting: LHB John Castaneda 0-0: Fly out, F6 (Popup, 4MD, EV 47.5 MPH)
Top of the 9th over - 0 runs, 0 hits, 0 errors, 0 left on base; Detroit 6 - Oakland 6
BOTTOM OF THE 9TH
Oakland Athletics batting - Pitching for Detroit Tigers : RHP John Griffith
Pitching: RHP Marcus Collins
Batting: LHB Chris West 0-0: Called Strike
0-1: Ball
1-1: Foul Ball, location: 25FF
1-2: Strikes out looking
Batting: SHB John Gilley 0-0: Ball
1-0: DOUBLE (Line Drive, 89XD, EV 110.0 MPH)
Batting: RHB Randy Fowler 0-0: Called Strike
0-1: Ball
1-1: Ball
2-1: Foul Ball, location: 9LDF
2-2: Foul Ball, location: 9LMF
2-2: Foul Ball, location: 9LDF
2-2: Ball
3-2: Strikes out swinging
Pitching: LHP Bryan Curry
Batting: LHB Billy Stengel 0-0: Foul Ball, location: 3DF
0-1: Ball
1-1: Foul Ball, location: 25F
1-2: Ball
2-2: Strikes out swinging
Bottom of the 9th over - 0 runs, 1 hit, 0 errors, 1 left on base; Detroit 6 - Oakland 6
TOP OF THE 10TH
Detroit Tigers batting - Pitching for Oakland Athletics : RHP Ken Iddiols
Pitching: RHP Dylan Mayes
Batting: LHB Nick Penix 0-0: Ball
1-0: Swinging Strike
1-1: Swinging Strike
1-2: Foul Ball, location: 9LMF
1-2: Foul Ball, location: 5F
1-2: Foul Ball, location: 25FF
1-2: SINGLE (Line Drive, 5D, EV 101.9 MPH)
Batting: LHB Justin Kenworthy 0-0: Swinging Strike
0-1: Foul Ball, location: 2F
0-2: SINGLE (Groundball, 4MD, EV 99.4 MPH)
Nick Penix to second
Runner from 2nd tries for 3rd, SAFE, throw by CF made to third
Pinch Hitting: RHB Carlos Fraire 0-0: Foul Ball, location: 9LMF
0-1: Ball
1-1: Ball
2-1: Swinging Strike
2-2: Ball
3-2: Base on Balls
Justin Kenworthy to second
Batting: RHB Jake Henson 0-0: Ball
1-0: Called Strike
1-1: Ball
2-1: Ball
3-1: Single, Error in OF, E7, batter to second base (Line Drive, 56, EV 100.0 MPH)
Nick Penix scores
Justin Kenworthy scores
Carlos Fraire to third
Batting: LHB Chris Johnson 0-0: Ball
1-0: Foul Ball, location: 2F
1-1: Foul Ball, location: 7LSF
1-2: Ball
2-2: Fly out, F9 (Flyball, 89S, EV 90.6 MPH)
Batting: LHB Philip Clark 0-0: SINGLE (Groundball, 4MD, EV 100.0 MPH)
Carlos Fraire scores
Jake Henson to third
Runner from 3rd tries for Home, SAFE, throw by CF to home
Pitching: LHP Justin Thomas
Batting: RHB Steve Selmon 0-0: Called Strike
0-1: DOUBLE (Flyball, 89D, EV 100.0 MPH)
Philip Clark to third
Pinch Hitting: SHB Brian Shepherd 0-0: Ball
1-0: DOUBLE (Line Drive, 7LS, EV 100.6 MPH)
Philip Clark scores
Steve Selmon scores
Batting: LHB John Castaneda 0-0: Fly out, F9 (Flyball, 9LM, EV 91.3 MPH)
Batting: LHB Nick Penix 0-0: Ball
1-0: Ball
2-0: Called Strike
2-1: Fly out, F7 (Flyball, 7D, EV 89.4 MPH)
Top of the 10th over - 6 runs, 6 hits, 1 error, 1 left on base; Detroit 12 - Oakland 6
BOTTOM OF THE 10TH
Oakland Athletics batting - Pitching for Detroit Tigers : LHP Bryan Curry
Pitching: RHP Jeremy Coffen
Now at C: Carlos Fraire
Now at 1B: Brian Shepherd
Batting: SHB Aaron Champion 0-0: Fly out, F8 (Line Drive, 8LS, EV 83.8 MPH)
Batting: LHB Steve Witmer 0-0: Ball
1-0: SOLO HOME RUN (Line Drive, 89XD, EV 106.3 MPH), Distance : 425 ft
Batting: RHB Tom Karr 0-0: Swinging Strike
0-1: Ball
1-1: Called Strike
1-2: Strikes out swinging
Batting: LHB Mike Lucas 0-0: Ball
1-0: Foul Ball, location: 2F
1-1: Called Strike
1-2: Foul Ball, location: 7LMF
1-2: Strikes out looking
Bottom of the 10th over - 1 run, 1 hit, 0 errors, 0 left on base; Detroit 12 - Oakland 7
Tuesday, April 30th , 2024 - OOTP Baseball 24.11 Build 85